 Dungeon Crawl Stone Soup version 0.30.1-11-g7821555f0a (webtiles) character file.

Game seed: 997774840875444588

268 porpoise the Firebug (level 6, 0/45 HPs)
             Began as a Draconian Fire Elementalist on Dec 3, 2023.
             Succumbed to a gnoll sergeant's poison
             ... on level 4 of the Dungeon.
             The game lasted 00:13:36 (3832 turns).

porpoise the Firebug (Draconian Fire Elementalist)  Turns: 3832, Time: 00:13:36

Health: 0/45       AC:  7    Str: 17    XL:     6   Next: 1%
Magic:  2/11       EV: 12    Int: 23    God:
Gold:   164        SH:  0    Dex: 11    Spells: 6/12 levels left

rFire   . . .        a - +2 whip (drain)
rCold   . . .        (no shield)
rNeg    . . .        (body armour unavailable)
rPois   .            (helmet restricted)
rElec   .            (no cloak)
rCorr   .            (no gloves)
SInv    .            d - +0 pair of boots
Will    .....        (no amulet)
Stlth   ++           f - +6 ring of intelligence
HPRegen 0.27/turn    g - +6 ring of strength
MPRegen 0.12/turn

%: no passive effects
@: lethally poisoned (0 -> -24)
A: AC +6, unfitting armour, cold-blooded
a: no special abilities


You were on level 4 of the Dungeon.
You visited 1 branch of the dungeon, and saw 4 of its levels.

You collected 203 gold pieces.
You spent 39 gold pieces at shops.

Inventory:

Hand Weapons
 a - a +2 whip of draining (weapon)
 b - a +2 short sword of speed
Missiles
 u - 2 poisoned darts
Armour
 d - a +0 pair of boots (worn)
Jewellery
 f - a +6 ring of intelligence (left hand)
 g - a +6 ring of strength (right hand)
 s - a ring of ice
Scrolls
 i - a scroll of poison {unknown}
 j - a scroll of fog {unknown}
 k - a scroll of acquirement {unknown}
 m - a scroll of teleportation {unknown}
 n - a scroll of blinking {unknown}
 o - 2 scrolls of enchant weapon {unknown}
 r - 4 scrolls of identify {unknown}
 t - a scroll of noise {unknown}
 w - a scroll of amnesia {unknown}
Potions
 c - a potion of magic
 e - 2 potions of degeneration {unknown}
 h - 2 potions of curing
 l - a potion of ambrosia {unknown}
 p - a potion of flight {unknown}
 q - a potion of invisibility {unknown}
 v - a potion of brilliance {unknown}
 x - a potion of lignification {unknown}


   Skills:
 - Level 1.7 Dodging
 - Level 1.7 Stealth
 + Level 3.6 Spellcasting
 - Level 3.0 Conjurations
 + Level 1.5 Translocations
 + Level 4.5 Fire Magic


You had 6 spell levels left.
You knew the following spells:

 Your Spells              Type           Power      Damage    Failure   Level
a - Foxfire               Conj/Fire      84%        2x1d8     2%          1
b - Scorch                Fire           50%        2d7       2%          2
c - Volatile Blastmotes   Fire/Tloc      36%        2d13      10%         3

Your spell library contained the following spells:

 Spells                   Type           Power      Damage    Failure   Level
 Sting                    Tmut/Pois      16%        1d3       11%         1
 Inner Flame              Hex/Fire       14%        N/A       13%         3
 Poisonous Vapours        Pois/Air       8%         N/A       16%         2
 Flame Wave               Conj/Fire      21%        2d8       22%         4
 Olgreb's Toxic Radiance  Pois           4%         N/A       71%         4


Dungeon Overview and Level Annotations

Branches:
Dungeon (4/15)
 Temple: D:4-7

Altars:
Elyvilon
Fedhas
Xom

Shops:
D:3 !


Innate Abilities, Weirdness & Mutations

Your plain brown scales are hard. (AC +6)
You cannot fit into any form of body armour.
You are cold-blooded and may be slowed by cold attacks.


Message History

You feel better.
The foxfire hits the gnoll sergeant.
The gnoll sergeant is lightly wounded.
The foxfire hits the gnoll sergeant.
The gnoll sergeant is moderately wounded.
The gnoll sergeant closely misses you.
Casting: Foxfire (safe; 2% risk of failure)
Confirm with . or Enter, or press ? or * to list all spells.
Flames lash the gnoll.
The gnoll is severely wounded.
The gnoll's fire resistance burns away.
The gnoll closely misses you.
The gnoll sergeant hits you but does no damage.
Casting: Scorch (safe; 2% risk of failure)
Confirm with . or Enter, or press ? or * to list all spells.
You conjure some foxfire!
The foxfire hits the gnoll.
The gnoll is burned terribly!
The gnoll is almost dead.
The gnoll sergeant hits you from afar with a +2 spear of venom.
You hit the gnoll.
You kill the gnoll!
The foxfire hits the gnoll sergeant but does no damage.
The gnoll sergeant is moderately wounded.
The gnoll sergeant hits you from afar with a +2 spear of venom!
* * * LOW HITPOINT WARNING * * *
You are lethally poisoned!
A gnoll comes into view. It is wielding a +0 whip.
The gnoll sergeant misses you.
You have reached level 6!
Your scales feel tougher.
You feel better.
The gnoll sergeant hits you from afar with a +2 spear of venom.
You are poisoned.
* * * LOW HITPOINT WARNING * * *
You feel very sick.
The gnoll sergeant hits you with a +2 spear of venom!
* * * LOW HITPOINT WARNING * * *
You are more poisoned.
You hit the gnoll sergeant.
Your tail-slap misses the gnoll sergeant.
The gnoll sergeant is heavily wounded.
You die...

#.......# #
#.......#
#.#######.......#
#>..............#
##....#########..
####.)#########.
#..).........
#.#.g.g#####.
#.#.†.@#
##.#..).#
#..#....#
##.##...........
#...#.######....
#.P.#.# .o ..
#...#.# .. ##.##.
. #.# #


You could see a gnoll sergeant and a gnoll.

Vanquished Creatures
  An orc priest (D:4)
  2 orc wizards
  2 iguanas (D:4)
  4 gnolls
  2 adders (D:4)
  2 ufetubi (D:4)
  2 worms
  A dart slug (D:1)
  5 orcs
  7 ball pythons
  5 bats
  6 endoplasms
  3 giant cockroaches
  6 hobgoblins
  4 quokkas
  2 frilled lizards (D:3)
  4 goblins
  4 kobolds
  4 rats
66 creatures vanquished.

Vanquished Creatures (others)
  147 foxfires
147 creatures vanquished.

Grand Total: 213 creatures vanquished

Notes
Turn   | Place    | Note
-------+----------+-------------------------------------------
     0 | D:1      | porpoise the Draconian Fire Elementalist began the quest
                  | for the Orb.
     0 | D:1      | Reached XP level 1. HP: 14/14 MP: 3/3
   235 | D:1      | Reached XP level 2. HP: 20/20 MP: 1/5
   278 | D:1      | Learned a level 2 spell: Scorch
  1322 | D:2      | Reached XP level 3. HP: 26/26 MP: 2/6
  1382 | D:2      | Found a faded altar of an unknown god.
  1998 | D:2      | Learned a level 3 spell: Volatile Blastmotes
  2236 | D:3      | Found Imanayv's Distillery.
  2240 | D:3      | Bought a potion of curing for 39 gold pieces
  2413 | D:3      | Reached XP level 4. HP: 33/33 MP: 6/8
  2698 | D:3      | Reached skill level 4 in Fire Magic
  3194 | D:4      | Reached XP level 5. HP: 35/38 MP: 1/9
  3298 | D:4      | Found a blossoming altar of Fedhas.
  3299 | D:4      | Found a shimmering altar of Xom.
  3365 | D:4      | Found a white marble altar of Elyvilon.
  3688 | D:4      | Reached skill level 1 in Translocations
  3830 | D:4      | Reached XP level 6. HP: 9/45 MP: 2/11
  3832 | D:4      | Succumbed to a gnoll sergeant's poison

Illustrated notes

Levels and vault maps discovered:
D:1:      psy_arrival_radial02, layout_basic
D:2:      layout_loops_ring, dreamdust_ecumenical_altar_hidden_monk_grotto
D:3:      layout_loops_ring, serial_shops, nicolae_shop_stone,
          chequers_serial_rivers_micro_a, kennysheep_generic_room_4
D:4:      minmay_wonky_spiral, layout_basic, gammafunk_temple_overflow_pools,
          elyvilon_altar_1, temple_statues, fountainhead,
          chequers_serial_rivers_small_a, nicolae_grassy_gnolls

Skill      XL: |  1  2  3  4  5 |
---------------+----------------+-----
Conjurations   | 2 3 |  3.0
Spellcasting   | 3 |  3.6
Fire Magic     | 4 |  4.5
Translocations | 1 |  1.5
Dodging        | |  1.7
Stealth        | |  1.7

Action                     |  1- 3 |  4- 6 || total
---------------------------+-------+-------++-------
  Melee: Short sword       |    20 |       ||    20
         Tailslap          |     4 |       ||     4
         Whip              |     5 |    36 ||    41
   Cast: Foxfire           |    47 |    39 ||    86
         Scorch            |     1 |    13 ||    14
    Use: Potion            |       |     2 ||     2
 Armour: Skin              |     7 |    20 ||    27
  Dodge: Dodged            |    18 |    30 ||    48
